AoeStats
← xxxxxxxxxxxxx

Black Forest

505781725Analyzed
4v4 RM · 22d ago on Sep 11, 2026· 65m 36s· 8 players
Game mode
Random Map
Map size
Large (8 player)
Population
200
Speed
Normal
Resources
Standard
Victory
Conquest
Starting age
Dark Age
Ending age
Imperial Age
RankedLock teamsTeams togetherTeam positionsShared explorationLock speedFull tech treeHidden civsTurbo modeCheats
Victory
Defeat
🇺🇸 Persians · United States
981
+14
🇹🇼 Hindustanis · Taiwan
920
+17
🇲🇽 Celts · Mexico
865
+19
🇺🇸 Britons · United States
859
+19
🇺🇸 Bohemians · United States
1059
-23
🇬🇧 Franks · United Kingdom
902
-16
🇬🇧 Portuguese · United Kingdom
887
-15
🇺🇸 Armenians · United States
874
-15
Tiger333
0:28 Loom
14:00 Feudal Age
18:22 Castle Age
16:20 Double-Bit Axe
16:19 Horse Collar
18:04 Wheelbarrow
20:05 Bow Saw
19:59 Heavy Plow
24:33 Gold Mining
26:19 Hand Cart
28:32 Stone Mining
29:18 Gold Shaft Mining
28:50 Town Watch
30:11 Stone Shaft Mining
34:24 Imperial Age
33:05 Forging
33:00 Scale Barding Armor
32:46 Fletching
32:56 Padded Archer Armor
33:12 Husbandry
33:22 Bloodlines
32:34 Light Cavalry
34:21 Iron Casting
34:28 Kamandaran
34:03 Crossbowman
35:20 Parthian Tactics
36:06 Masonry
36:18 Ballistics
37:01 Chemistry
38:33 Blast Furnace
37:37 Bodkin Arrow
37:59 Leather Archer Armor
38:41 Chain Barding Armor
38:51 Thumb Ring
38:17 Heavy Camel Rider
39:54 Architecture
39:36 Careening
39:24 Murder Holes
40:46 Town Patrol
41:20 Ring Archer Armor
40:15 Hussar
42:35 Two-Man Saw
44:42 Plate Barding Armor
44:41 Conscription
46:06 Elite War Elephant
48:42 Crop Rotation
VicRoldanG
0:43 Loom
13:52 Feudal Age
17:43 Castle Age
15:35 Double-Bit Axe
15:32 Horse Collar
15:52 Fishing Lines
16:25 Gold Mining
19:05 Wheelbarrow
20:20 Bow Saw
21:14 Stone Mining
22:40 Stone Shaft Mining
23:50 Hand Cart
24:04 Gillnets
25:31 Heavy Plow
27:21 Coinage
26:51 Caravan
27:41 Treadmill Crane
29:14 Ballistics
29:29 Fletching
29:26 Town Watch
31:53 Gold Shaft Mining
31:59 Scale Barding Armor
38:01 Imperial Age
37:20 Scale Mail Armor
38:04 Forging
38:02 Onager
38:55 Furor Celtica
38:27 Cavalier
39:54 Stronghold
40:26 Siege Engineers
41:22 Chemistry
41:51 Chain Barding Armor
43:40 Siege Onager
45:05 Guilds
48:15 Banking
47:13 Capped Ram
50:06 Husbandry
49:41 Paladin
49:43 Light Cavalry
51:18 Siege Ram
55:24 Chain Mail Armor
55:23 Heavy Scorpion
crisdare1201
11:26 Feudal Age
12:08 Gold Mining
12:33 Double-Bit Axe
13:37 Wheelbarrow
13:05 Horse Collar
13:46 Town Watch
15:03 Stone Mining
20:00 Castle Age
21:36 Heavy Plow
21:51 Bow Saw
22:40 Gold Shaft Mining
24:16 Fletching
26:11 Hand Cart
25:58 Town Patrol
26:23 Ballistics
26:52 Bodkin Arrow
28:26 Fortified Wall
29:20 Padded Archer Armor
30:20 Leather Archer Armor
33:41 Imperial Age
34:04 Elite Longbowman
36:30 Yeomen
40:11 Conscription
40:17 Conscription
40:07 Bracer
40:37 Ring Archer Armor
xxxxxxxxxxxxx
1:42 Loom
14:33 Feudal Age
15:37 Double-Bit Axe
15:34 Horse Collar
18:11 Castle Age
19:05 Wheelbarrow
19:54 Caravan
20:56 Gold Mining
20:56 Stone Mining
23:01 Gold Shaft Mining
23:01 Stone Shaft Mining
25:04 Stone Shaft Mining
25:47 Bow Saw
27:40 Grand Trunk Road
31:35 Imperial Age
29:34 Heavy Plow
30:02 Forging
29:57 Scale Barding Armor
30:36 Hand Cart
31:07 Bloodlines
30:58 Husbandry
32:37 Iron Casting
32:22 Chain Barding Armor
32:28 Ballistics
31:45 Heavy Camel Rider
34:08 Conscription
34:01 Imperial Camel Rider
35:54 Blast Furnace
35:55 Plate Barding Armor
38:04 Chemistry
37:10 Siege Engineers
37:16 Masonry
39:09 Light Cavalry
39:50 Hussar
40:06 Siege Elephant
45:50 Shatagni
Doby1Konobi
0:38 Loom
16:25 Feudal Age
18:07 Double-Bit Axe
18:39 Horse Collar
22:50 Castle Age
25:28 Gold Mining
25:50 Bow Saw
25:34 Stone Mining
28:00 Heavy Plow
30:23 Wheelbarrow
32:19 Hand Cart
34:57 Murder Holes
35:37 Fervor
35:46 Caravan
35:52 Fletching
36:03 Padded Archer Armor
36:30 Ballistics
38:37 Sanctity
39:52 Forging
39:42 Scale Mail Armor
39:38 Bodkin Arrow
39:58 Leather Archer Armor
39:43 Heated Shot
40:06 Masonry
40:12 Herbal Medicine
43:59 Imperial Age
42:32 Arson
42:48 Squires
42:33 Gambesons
42:10 Man-at-Arms
42:11 Pikeman
43:16 Long Swordsman
43:18 Halberdier
44:36 Husbandry
44:47 Bloodlines
43:59 Light Cavalry
44:31 Elite Composite Bowman
45:07 Elite Skirmisher
48:26 Bracer
48:57 Ring Archer Armor
49:56 Conscription
50:18 Chain Mail Armor
54:37 Iron Casting
54:11 Scale Barding Armor
54:39 Plate Mail Armor
55:38 Chemistry
55:22 Two-Handed Swordsman
56:44 Champion
59:17 Cavalier
DunedainRanger
0:51 Loom
14:09 Feudal Age
17:54 Castle Age
16:49 Double-Bit Axe
16:45 Horse Collar
19:18 Bow Saw
25:02 Wheelbarrow
27:02 Hand Cart
27:13 Heavy Plow
31:33 Imperial Age
29:19 Fletching
29:30 Padded Archer Armor
29:52 Bodkin Arrow
29:58 Scale Mail Armor
30:09 Forging
31:31 Chemistry
30:52 Ballistics
31:42 Leather Archer Armor
31:23 Elite Skirmisher
32:22 Bracer
33:06 Town Watch
34:26 Two-Man Saw
34:47 Fortified Wall
34:43 Siege Engineers
35:40 Houfnice
39:25 Ring Archer Armor
39:11 Chain Mail Armor
39:31 Iron Casting
43:20 Plate Mail Armor
43:51 Blast Furnace
45:28 Conscription
45:15 Wagenburg Tactics
55:21 Squires
55:06 Arson
56:23 Pikeman
56:49 Halberdier
dpiddock77
0:31 Loom
13:39 Feudal Age
18:50 Castle Age
18:48 Double-Bit Axe
18:56 Horse Collar
21:58 Heavy Plow
26:44 Imperial Age
25:26 Bow Saw
29:23 Chemistry
30:00 Pikeman
32:46 Gold Mining
32:47 Stone Mining
33:52 Halberdier
34:20 Arson
41:35 Forging
41:26 Padded Archer Armor
41:26 Scale Mail Armor
41:31 Scale Barding Armor
41:18 Fletching
52:13 Elite Organ Gun
54:10 Stone Shaft Mining
54:32 Fortified Wall
54:19 Murder Holes
54:45 Ballistics
54:15 Guard Tower
64:00 Arquebus
64:00 Circumnavigation
Leszko1
0:28 Loom
15:56 Feudal Age
21:21 Castle Age
20:00 Double-Bit Axe
22:50 Wheelbarrow
22:37 Bow Saw
33:04 Hand Cart
35:30 Imperial Age
32:47 Town Watch
34:36 Gold Mining
34:36 Stone Mining
35:57 Cavalier
36:38 Husbandry
36:50 Scale Barding Armor
36:56 Forging
37:26 Gold Shaft Mining
39:05 Paladin
41:10 Conscription
45:06 Light Cavalry
51:43 Elite Skirmisher
Connection lost

Rejoining the realm…

Still unreachable

The connection could not be restored.

Session expired

The server has moved on; the page needs a fresh start.